 Dungeon Crawl Stone Soup version 0.23-a0-169-gb21e69520c (webtiles) character file.

53 PikkenKukken the Insei (level 3, 0/29 HPs)
             Began as a Demonspawn Monk on Sept 12, 2018.
             Slain by a bat (1 damage)
             ... on level 2 of the Dungeon.
             The game lasted 00:02:00 (1281 turns).

PikkenKukken the Insei (Demonspawn Monk)            Turns: 1281, Time: 00:02:00

Health: 0/29       AC:  3    Str: 12    XL:     3   Next: 64%
Magic:  3/3        EV: 17    Int: 11    God:
Gold:   41         SH:  0    Dex: 20    Spells: 2/2 levels left

rFire    . . .     SeeInvis .     - Unarmed
rCold    . . .     Gourm    .   (no shield)
rNeg     + . .     Faith    .   i - +0 ring mail
rPois    .         Spirit   .   (no helmet)
rElec    .         Reflect  .   (no cloak)
rCorr    .         Harm     .   (no gloves)
MR       .....                  (no boots)
Stlth    +++.......             d - amulet of rage
HPRegen  0.09/turn              e - -2 ring of protection (curse)
MPRegen  0.08/turn              g - ring of positive energy (curse)

@: agile
A: powered by pain 2
a: Evoke Berserk Rage


You were on level 2 of the Dungeon.
You were not hungry.

You visited 1 branch of the dungeon, and saw 2 of its levels.

You collected 41 gold pieces.

Inventory:

Armour
 a - a +1 robe
 i - a +0 ring mail (worn)
Jewellery
 d - an amulet of rage (around neck)
 e - a cursed -2 ring of protection (left hand)
 g - a cursed ring of positive energy (right hand)
Potions
 f - a potion of agility {unknown}
 h - 2 potions of curing {unknown}
Comestibles
 b - 2 rations
 c - 5 chunks of flesh


   Skills:
 + Level 3.3 Fighting
 + Level 1.1 Armour
 + Level 3.0 Dodging
 - Level 1.7 Stealth
 * Level 3.4 Unarmed Combat


You had 2 spell levels left.
You didn't know any spells.
Your spell library was empty.

Dungeon Overview and Level Annotations

Branches:
Dungeon (2/15)

Altars:


Innate Abilities, Weirdness & Mutations

You sometimes gain power by taking damage.


Message History

The leopard gecko misses you. The worm barely misses you.
Unknown command.
You hit the worm.
You kill the worm!
The bat hits you.
* * * LOW HITPOINT WARNING * * *
The leopard gecko closely misses you.
The leopard gecko bites you but does no damage.
The bat barely misses you.
An ooze comes into view.
The leopard gecko bites you.
* * * LOW HITPOINT WARNING * * *
Found a robe.
An adder comes into view.
The bat barely misses you. The bat hits you but does no damage.
The leopard gecko bites you.
* * * LOW HITPOINT WARNING * * *
Unknown command.
You closely miss the bat. The bat hits you.
You die...

..... .....# .
.....###.....# ..
......#.....#
...##..........#
..............###
................#
.[......l.......#
.......@b.......# ###.##
.......###......# #.....
.......# #......###.....
J........#..............
S..##....#..............
.. #....#..............
. #...................
#........######.....
#........######.....


You could see an ooze (wandering), an adder (sleeping), a leopard gecko and a
bat.

Vanquished Creatures
  An ooze (D:1)
  A worm (D:2)
  3 dart slugs (D:1)
  3 giant cockroaches
  5 goblins
  9 hobgoblins
  4 kobolds (D:1)
  4 bats
  2 frilled lizards
  4 rats (D:1)
36 creatures vanquished.

Notes
Turn   | Place    | Note
-------+----------+-------------------------------------------
     0 | D:1      | PikkenKukken the Demonspawn Monk began the quest for the
                  | Orb.
     0 | D:1      | Reached XP level 1. HP: 18/18 MP: 1/1
   124 | D:1      | Gained mutation: You sometimes gain a little power by
                  | taking damage. [demonic ancestry]
   124 | D:1      | Reached XP level 2. HP: 11/24 MP: 2/2
   607 | D:1      | Gained mutation: You sometimes gain power by taking damage.
                  | [demonic ancestry]
   607 | D:1      | Reached XP level 3. HP: 28/29 MP: 3/3
   762 | D:1      | Reached skill level 1 in Armour
  1280 | D:2      | HP: 1/29 [leopard gecko (3)]
  1281 | D:2      | Slain by a bat

Vault maps used:
D:1:      minmay_arrival_jagged, nrook_loot_triangle
D:2:      tgw_fedhas, elyvilon_altar_4

Skill      XL: |  1  2  3 |
---------------+----------+-----
Unarmed Combat | 3 |  3.4
Dodging        | 3 |  3.0
Armour         | 1 |  1.1
Fighting       | |  3.3
Stealth        | |  1.7

Action                   || total
-------------------------++-------
Melee: Unarmed           ||   136
       Punch             ||     1
  Use: Scroll            ||     1
 Stab: Sleeping          ||     3
  Eat: Chunk             ||     1
Armor: Robe              ||    19
       Ring mail         ||     9
Dodge: Dodged            ||    83

Table legend:
 A = Non-vault XP
 B = Vault XP
 C = Vault XP percentage of total XP
 D = Non-vault monster count
 E = Vault monster count
 F = Vault count percentage of total count
                 A         B        C        D         E       F
            +---------+---------+-------+---------+---------+-------
      Total |      77 |       0 |   0.0 |      36 |       0 |   0.0
            +---------+---------+-------+---------+---------+-------
        D:1 |      61 |       0 |   0.0 |      29 |       0 |   0.0
        D:2 |      16 |       0 |   0.0 |       7 |       0 |   0.0
            +---------+---------+-------+---------+---------+-------
